 Dungeon Crawl Stone Soup version 0.27-a0-1196-g3e9cee4cb2 (webtiles) character file.

Game seed: 50337394943785389

72 lightspider the Skirmisher (level 4, -1/40 HPs)
             Began as a Draconian Monk on May 29, 2021.
             Killed from afar by Sigmund (3 damage)
             ... with a magic dart
             ... on level 2 of the Dungeon.
             The game lasted 00:07:23 (2710 turns).

lightspider the Skirmisher (Draconian Monk)         Turns: 2710, Time: 00:07:24

Health: -1/40      AC:  7    Str: 13    XL:     4   Next: 6%
Magic:  4/4        EV: 12    Int: 12    God:
Gold:   44         SH:  4    Dex: 13    Spells: 3/3 levels left

rFire    . . .     SeeInvis .   a - +0 spear
rCold    . . .     Faith    .   b - +0 buckler
rNeg     . . .     Spirit   .   (armour unavailable)
rPois    .         Reflect  .   (helmet restricted)
rElec    .         Harm     .   f - +0 cloak
rCorr    .         Rampage  .   c - +0 pair of gloves
Will     .....                  (no boots)
Stlth    ++........             (no amulet)
HPRegen  0.13/turn              (no ring)
MPRegen  0.09/turn              (no ring)

@: no status effects
A: AC +5, unfitting armour, cold-blooded
a: no special abilities


You were on level 2 of the Dungeon.
You visited 1 branch of the dungeon, and saw 2 of its levels.

You collected 44 gold pieces.

Inventory:

Hand Weapons
 a - a +0 spear (weapon)
 d - a +1 dagger of venom
Armour
 b - a +0 buckler (worn)
 c - a +0 pair of gloves (worn)
 f - a +0 cloak (worn)
Potions
 e - a potion of flight {unknown}


   Skills:
 + Level 3.9 Fighting
 + Level 3.6 Polearms
 + Level 3.1 Dodging
 - Level 1.7 Stealth
 + Level 1.5 Shields


You had 3 spell levels left.
You didn't know any spells.
Your spell library was empty.

Dungeon Overview and Level Annotations

Branches:
Dungeon (2/15)

Altars:

Annotations:
D:2 Sigmund


Innate Abilities, Weirdness & Mutations

Your plain brown scales are hard. (AC +5)
You cannot fit into any form of body armour.
You are cold-blooded and may be slowed by cold attacks.


Message History

No target in view!
No target in view!
You see here a rat corpse.
Found a stone staircase leading down.
No target in view!
There is a stone staircase leading down here.
Found a leather armour.
g - a scroll labelled YRYAJA GAXE
As you read the scroll labelled YRYAJA GAXE, it crumbles to dust.
A profound silence engulfs you.
It was a scroll of silence.
Your hearing returns.
Found a stone staircase leading down.
There is a stone staircase leading down here.
Sigmund is nearby!
Sigmund shouts!
Sigmund hits you but does no damage.
You reach to attack!
You hit Sigmund but do no damage. Sigmund barely misses you.
You reach to attack!
You barely miss Sigmund.
Sigmund hits you from afar with a +4 scythe of flaming!
Sigmund burns you.
You reach to attack!
You closely miss Sigmund.
Sigmund points at you and mumbles some strange words.
The magic dart hits you but does no damage.
You reach to attack!
You hit Sigmund.
Sigmund is lightly wounded.
Sigmund hits you from afar with a +4 scythe of flaming!
Sigmund burns you.
* * * LOW HITPOINT WARNING * * *
Sigmund gestures at you while chanting. The magic dart hits you.
* * * LOW HITPOINT WARNING * * *
There is a stone staircase leading down here.
Sigmund casts a spell at you. The magic dart hits you!
* * * LOW HITPOINT WARNING * * *
Sigmund flickers, as though insubstantial.
Sigmund points at you and mumbles some strange words.
The magic dart hits you.
You die...

######.#.#####...#.#####
..[.............>......#
######.#^.##.#.#.#.###.#
.......#..##.#.#.#.# #.#
######....##.#.#@#.# #@#
#....##.#.#.#.# #.#
#....##.#.#.#.# #.#
#.#..##.#.#.#.# #..
######.#..##.#.#@#.#
####
..........##.#.#.#.#
######.#......<..#
#....##@#####.#
##...........#
#########.##.#######
..................[[
#########.##.####### #
#..#.#


You could see Sigmund.

Vanquished Creatures
  Robin (D:2)
  An adder (D:2)
  A worm (D:1)
  A dart slug (D:1)
  3 ball pythons
  An endoplasm (D:1)
  A giant cockroach (D:1)
  9 goblins
  8 hobgoblins
  4 jackals (D:1)
  2 quokkas
  A bat (D:1)
  2 frilled lizards
  3 kobolds
  5 rats
43 creatures vanquished.

Notes
Turn   | Place    | Note
-------+----------+-------------------------------------------
     0 | D:1      | lightspider the Draconian Monk began the quest for the Orb.
     0 | D:1      | Reached XP level 1. HP: 19/19 MP: 1/1
   379 | D:1      | Reached XP level 2. HP: 25/26 MP: 2/2
   909 | D:1      | Reached skill level 1 in Shields
  1188 | D:2      | Noticed Sigmund
  1217 | D:1      | Reached XP level 3. HP: 33/33 MP: 3/3
  1533 | D:2      | Noticed Robin
  1902 | D:2      | Killed Robin
  2433 | D:2      | Reached XP level 4. HP: 37/40 MP: 4/4
  2704 | D:2      | HP: 2/40 [Sigmund/magic dart (7)]
  2710 | D:2      | Killed from afar by Sigmund

Illustrated notes

Levels and vault maps discovered:
D:1:      dpeg_arrival_stone_temple_mockup, layout_basic
D:2:      layout_basic, uniq_crazy_yiuf_cottage, uniq_robin, uniq_sigmund

Skill      XL: |  1  2 |
---------------+-------+-----
Dodging        | 3 |  3.1
Shields        | 1 |  1.5
Fighting       | |  3.9
Polearms       | |  3.6
Stealth        | |  1.7

Action                   |  1- 3 |  4- 6 || total
-------------------------+-------+-------++-------
Melee: Spear             |   188 |    20 ||   208
       Tailslap          |    14 |       ||    14
  Use: Scroll            |     1 |     2 ||     3
 Stab: Sleeping          |     5 |       ||     5
Armor: Skin              |    34 |     5 ||    39
Dodge: Dodged            |    94 |     8 ||   102
Block: Buckler           |    23 |       ||    23

Table legend: (Time is in decaauts)
 A = Elapsed time spent in this place.
 B = Non-inter-level travel time spent in this place.
 C = Inter-level travel time spent in this place.
 D = Time resting spent in this place.
 E = Time spent auto-exploring this place.
 F = Levels seen in this place.
 G = Mean time per level.
                   A        B        C        D        E       F      G
               +--------+--------+--------+--------+--------+-----+--------+
         Total |   2714 |   2634 |     80 |   1069 |   1054 |   2 | 1357.0 |
       Dungeon |   2714 |   2634 |     80 |   1069 |   1054 |   2 | 1357.0 |
               +--------+--------+--------+--------+--------+-----+--------+

Top non-repeatable levels by time:
     D:1: 1889 daAuts
     D:2: 825 daAuts
